 Dungeon Crawl Stone Soup version 0.26-a0-597-gb535b0901c (webtiles) character file.

Game seed: 3003796903921480797

58 Apogee the Chucker (level 4, 0/28 HPs)
             Began as a Kobold Hunter on Sept 11, 2020.
             Splashed by a jelly's acid (7 damage)
             ... on level 2 of the Dungeon.
             The game lasted 00:02:40 (1561 turns).

Apogee the Chucker (Kobold Hunter)                  Turns: 1561, Time: 00:02:41

Health: 0/28       AC: -1    Str:  9    XL:     4   Next: 21%
Magic:  4/4        EV: 15    Int: 13    God:
Gold:   68         SH:  0    Dex: 15    Spells: 3/3 levels left

rFire    . . .     SeeInvis .   k - +1 dagger (flame)
rCold    . . .     Faith    .   (shield restricted)
rNeg     . . .     Spirit   .   b - +0 leather armour
rPois    .         Reflect  .   (no helmet)
rElec    .         Harm     .   (no cloak)
rCorr    .                      (no gloves)
MR       .....                  (no boots)
Stlth    +++.......             (no amulet)
HPRegen  0.09/turn              (no ring)
MPRegen  0.09/turn              (no ring)

@: corroded
A: small, nightstalker 3
a: no special abilities


You were on level 2 of the Dungeon.
You visited 1 branch of the dungeon, and saw 2 of its levels.

You collected 68 gold pieces.

Inventory:

Hand Weapons
 a - a +0 short sword
 f - a +0 spear
   (You found it on level 1 of the Dungeon)
 k - a +1 dagger of flaming (weapon)
   (You took it off a goblin on level 1 of the Dungeon)
Missiles
 c - 10 boomerangs (quivered)
 d - 2 throwing nets {!f}
 h - 41 stones
Armour
 b - a +0 leather armour (worn)
Scrolls
 e - 2 scrolls of identify {unknown}
 g - a scroll of remove curse {unknown}
 i - a scroll of amnesia {unknown}
 j - a scroll of teleportation {unknown}
 n - a scroll of enchant armour {unknown}
Potions
 l - a potion of curing {unknown}
 m - a potion of degeneration {unknown}


   Skills:
 + Level 3.0 Fighting
 + Level 4.8 Throwing
 + Level 3.4 Dodging
 + Level 2.3 Stealth


You had 3 spell levels left.
You didn't know any spells.
Your spell library was empty.

Dungeon Overview and Level Annotations

Branches:
Dungeon (2/15)

Altars:


Innate Abilities, Weirdness & Mutations

You are small and have problems with some larger weapons.
You are completely attuned to the shadows.


Message History

An adder is nearby!
An adder is nearby!
Throwing (i - inventory. (/) - cycle)
c - 10 boomerangs (quivered)
Aim: an adder (wandering, hasn't noticed you)
You throw a boomerang. The boomerang closely misses the adder.
The adder hisses angrily.
Throwing (i - inventory. (/) - cycle)
c - 10 boomerangs (quivered)
Aim: an adder You throw a boomerang.
The boomerang hits the adder.
You closely miss the adder. The adder bites you but does no damage.
You hit the adder. You burn the adder. The adder bites you but does no damage.
The adder closely misses you.
You hit the adder. You burn the adder. The adder bites you.
You hit the adder but do no damage. The adder completely misses you.
You hit the adder. You burn the adder.
You kill the adder!
Your Fighting skill increases to level 3!
Found a scroll labeled BEIGAD UNIUZI.
n - a scroll labeled BEIGAD UNIUZI A goblin comes into view.
It is wielding a +0 dagger.
The goblin shouts!
The goblin barely misses you.
Your leather armour prevents you from hitting the goblin.
The goblin hits you with a +0 dagger.
You hit the goblin. You burn the goblin. The goblin closely misses you.
You hit the goblin. You burn the goblin.
You kill the goblin!
No target in view!
Things that are here:
a +0 dagger; a goblin corpse A jelly comes into view.
The jelly quivers.
A jelly is nearby!
Throwing (i - inventory. (/) - cycle)
c - 10 boomerangs (quivered)
Aim: a jelly You throw a boomerang.
The boomerang hits the jelly.
Throwing (i - inventory. (/) - cycle)
c - 10 boomerangs (quivered)
Aim: a jelly (moderately wounded)
You throw a boomerang. The boomerang hits the jelly.
You hit the jelly. You burn the jelly. The acid corrodes you!
Your hands burn!
The jelly closely misses you.
You hit the jelly but do no damage.
Your hands burn!
The jelly hits you.
You are splashed with acid!
* * * LOW HITPOINT WARNING * * *
Throwing (i - inventory. (/) - cycle)
c - 10 boomerangs (quivered)
Aim: a jelly (severely wounded)
You throw a boomerang. The boomerang hits the jelly.
The jelly hits you.
* * * LOW HITPOINT WARNING * * *
The acid corrodes you!
You are splashed with acid!
You die...

#.......# #.......#
########.......##########
......................).#
#######################.#
.## .... #..# ..## ....
#.## #..## ....######.#
##..##### #...J@......#
..#.....####....########
................##########
....#................<...#
........................##
####............##..#####
......##[...........#
####.###.........#.##
.###<##>.###...#...#


You could see a jelly.

Vanquished Creatures
  2 adders (D:2)
  A dart slug (D:1)
  6 bats
  2 giant cockroaches
  3 hobgoblins
  4 jackals
  3 frilled lizards
  6 goblins
  9 kobolds
  2 rats
38 creatures vanquished.

Notes
Turn   | Place    | Note
-------+----------+-------------------------------------------
     0 | D:1      | Apogee the Kobold Hunter began the quest for the Orb.
     0 | D:1      | Reached XP level 1. HP: 12/12 MP: 1/1
   149 | D:1      | Reached XP level 2. HP: 18/18 MP: 2/2
   525 | D:1      | Reached XP level 3. HP: 22/22 MP: 3/3
  1384 | D:2      | Reached XP level 4. HP: 23/27 MP: 4/4
  1561 | D:2      | Splashed by a jelly's acid

Illustrated notes

Levels and vault maps discovered:
D:1:      lightli_iron_boxes, layout_loops_ring
D:2:      layout_rooms

Skill      XL: |  1  2  3  4 |
---------------+-------------+-----
Stealth        | 2 |  2.3
Dodging        | 3 |  3.4
Fighting       | 3 |  3.0
Throwing       | |  4.8

Action                   |  1- 3 |  4- 6 || total
-------------------------+-------+-------++-------
Melee: Short sword       |    51 |       ||    51
       Dagger            |    47 |    10 ||    57
Throw: Boomerang         |     3 |     5 ||     8
 Stab: Sleeping          |    17 |       ||    17
Armor: Leather armour    |    21 |     2 ||    23
Dodge: Dodged            |    70 |     5 ||    75

Table legend: (Time is in decaauts)
 A = Elapsed time spent in this place.
 B = Non-inter-level travel time spent in this place.
 C = Inter-level travel time spent in this place.
 D = Time resting spent in this place.
 E = Time spent auto-exploring this place.
 F = Levels seen in this place.
 G = Mean time per level.
                   A        B        C        D        E       F      G
               +--------+--------+--------+--------+--------+-----+--------+
         Total |   1567 |   1500 |     67 |    221 |    983 |   2 |  783.5 |
       Dungeon |   1567 |   1500 |     67 |    221 |    983 |   2 |  783.5 |
               +--------+--------+--------+--------+--------+-----+--------+

Top non-repeatable levels by time:
     D:1: 1088 daAuts
     D:2: 479 daAuts
